Map: Efflorescence LE

Players

Massa - Winner!

  • Race: Terran Terran
  • League: Platinum
  • Spawn Location: 6:00

qqq - Winner!

  • Race: Zerg Zerg
  • League: Platinum
  • Spawn Location: 9:00

Истеричка

  • Race: Protoss Protoss
  • Spawn Location: 3:00

SlavaZA

  • Race: Protoss Protoss
  • League: Diamond
  • Spawn Location: 12:00

VOD

Have the link to the VOD?

Description

Time

  • Played on: Nov. 22, 2020, 8:36 a.m.
  • Length: 17:32
Show
View Real Time Build Order
Export as new Build Order

Massa Terran - Winner!

Build Orders:  

Get SALT Encoding   

  12  0:00  SCV  
  13  0:12  SCV  
  14  0:19  Supply Depot  
  14  0:24  SCV  
  15  0:40  SCV  
  15  0:41  Barracks  
  16  0:48  Supply Depot  
  16  0:52  SCV  
  17  1:06  Barracks  
  17  1:07  SCV  
  18  1:14  Refinery  
  18  1:19  SCV  
  19  1:28  Marine  
  20  1:37  Barracks  
  20  1:38  SCV  
  21  1:45  Marine  
  22  1:54  Barracks Tech Lab  
  22  2:00  Orbital Command  
  22  2:03  Marine  
  23  2:09  Supply Depot  
  23  2:14  Marauder  
  25  2:21  Marine  
  26  2:24  Marine  
  27  2:35  Marine  
  28  2:38  Stimpack  
  28  2:39  Marine  
  28  2:42  Marine  
  30  2:53  Marauder  
  30  2:57  Marine, Supply Depot  
  33  3:00  Marine  
  34  3:14  Marauder, Marine  
  34  3:18  Marine  
  38  3:30  Supply Depot  
  38  3:32  Marine  
  39  3:36  Marauder, Marine  
  42  3:42  Factory  
  42  3:50  Marine  
  42  3:53  Marine  
  42  3:54  Supply Depot  
  44  3:57  Marauder  
  46  4:08  Marine  
  47  4:11  Marine  
  48  4:19  Marauder  
  50  4:26  Marine  
  50  4:29  Marine  
  52  4:40  Marauder  
  52  4:43  Marine  
  55  4:47  Marine  
  55  5:01  Marauder, Marine  
  55  5:05  Marine  
  55  5:06  Factory Tech Lab  
  59  5:12  Command Center  
  59  5:23  Marauder  
  61  6:06  Cyclone  
  39  6:25  Marauder, Marine x2  
  31  6:30  Refinery  
  33  6:35  Engineering Bay  
  33  6:37  Orbital Command  
  33  6:39  SCV  
  34  6:43  Cyclone, Marine x2  
  41  6:47  Marauder  
  41  6:48  Combat Shield  
  41  6:51  SCV  
  42  7:01  Marine  
  43  7:03  Marine  
  46  7:08  Marauder  
  46  7:19  Marine  
  46  7:20  SCV x2  
  46  7:21  Marine  
  50  7:25  Starport  
  50  7:32  SCV  
  50  7:39  Cyclone  
  50  7:42  Marine  
  53  7:46  Marine  
  53  7:47  Marine  
  55  7:58  Bunker, Missile Turret  
  55  8:00  Marine, Missile Turret  
  55  8:04  Marine  
  55  8:27  Marauder, Marine x2  
  57  8:33  SCV x2  
  61  8:40  Medivac  
  63  8:44  Marine  
  63  8:45  SCV x2, Marine, Siege Tank  
  63  8:48  Marauder  
  72  8:57  SCV  
  72  9:02  Marine x2  
  73  9:09  Marauder  
  77  9:20  Marine  
  78  9:27  Supply Depot  
  78  9:29  Supply Depot  
  78  9:30  Supply Depot  
  78  9:31  Supply Depot  
  78  9:38  Command Center  
  78  9:49  Widow Mine, Marauder, Marine, Medivac  
  85  9:52  Supply Depot  
  85  10:02  Barracks Reactor  
  85  10:04  SCV  
  85  10:05  SCV  
  87  10:10  Widow Mine  
  87  10:11  Marauder  
  87  10:12  Armory  
  91  10:17  SCV x2, Barracks  
  91  10:19  Medivac  
  95  10:25  Barracks Tech Lab  
  95  10:29  SCV  
  95  10:32  Marauder  
  98  10:42  Missile Turret  
  98  10:48  Refinery  
  98  10:53  Marauder  
  98  10:54  Refinery  
  98  10:56  SCV x2  
  102  11:01  Starport Reactor  
  102  11:02  Sensor Tower, Command Center  
  102  11:08  SCV x2  
  103  11:15  Marauder  
  105  11:20  SCV x2, Marauder  
  105  11:22  Barracks Reactor, Marine  
  105  11:23  Missile Turret  
  105  11:24  Marine  
  112  11:32  SCV  
  112  11:33  SCV  
  112  11:35  Planetary Fortress  
  112  11:36  Marauder  
  115  11:42  Marauder  
  115  11:44  SCV  
  115  11:45  SCV  
  119  11:52  Marine x2  
  121  11:57  SCV x2, Marauder  
  121  11:58  Siege Tank  
  128  12:03  Marauder  
  130  12:09  SCV x2  
  130  12:10  Marine  
  130  12:13  Marine  
  130  12:14  Medivac  
  136  12:19  Marauder  
  138  12:24  Marauder  
  138  12:27  Supply Depot x2  
  138  12:28  Supply Depot  
  138  12:29  Supply Depot  
  140  12:34  Sensor Tower  
  140  12:38  Missile Turret  
  140  12:51  Supply Depot  
  140  12:52  Supply Depot  
  140  12:54  Supply Depot x2  
  140  12:55  SCV  
  140  12:56  SCV x2  
  143  13:01  Marauder x2, Marine x2  
  143  13:02  Marine  
  143  13:04  Siege Tank  
  153  13:06  Concussive Shells  
  153  13:08  SCV x3  
  156  13:15  Missile Turret  
  156  13:17  Supply Depot  
  156  13:20  SCV  
  156  13:21  Refinery x2  
  156  13:22  Marauder  
  156  13:23  Marauder  
  161  13:41  Siege Tank  
  164  14:01  Marauder x2  
  164  14:02  Marine x4  
  172  14:13  Thor  
  178  14:19  Marine  
  178  14:23  Marauder x2  
  183  14:44  Marauder x2  
  187  14:57  Medivac x2  
  181  15:00  Siege Tank  
  175  15:27  Medivac  
  177  15:32  Siege Tank  
  175  16:12  Medivac  
  175  16:13  Medivac  
  175  16:14  Marauder x2, Marine  
  175  16:15  Marine, Siege Tank  
  175  16:17  Planetary Fortress  
  188  16:19  SCV x3  
  191  16:31  SCV x3, Command Center  
  194  16:35  Marauder x2  
  194  16:38  Command Center  
  198  16:43  SCV  
  192  16:57  Marauder x2  
Show
View Real Time Build Order
Export as new Build Order

qqq Zerg - Winner!

Build Orders: Hatch First, Lurkers 

Get SALT Encoding   

  12  0:00  Drone  
  13  0:08  Drone  
  14  0:18  Overlord  
  14  0:47  Hatchery  
  13  0:51  Drone  
  13  0:52  Drone  
  15  0:57  Drone  
  16  1:09  Drone  
  17  1:28  Spawning Pool  
  16  1:37  Drone  
  16  1:38  Drone, Extractor, Overlord  
  17  1:52  Drone  
  18  2:02  Drone  
  18  2:05  Drone  
  20  2:11  Drone  
  20  2:13  Drone  
  20  2:14  Queen  
  24  2:19  Queen  
  26  2:24  Zergling x2  
  26  2:26  Drone  
  28  2:33  Overlord  
  28  2:35  Drone  
  30  2:44  Zergling x2  
  30  2:47  Drone  
  30  2:49  Metabolic Boost  
  31  3:03  Zergling x4  
  32  3:12  Zergling x2  
  33  3:18  Zergling x2  
  33  3:19  Zergling x4  
  34  3:44  Zergling x6  
  34  3:45  Zergling x8  
  41  3:56  Zergling x4  
  41  3:58  Zergling x2  
  44  4:10  Overlord  
  44  4:11  Hatchery  
  44  4:12  Overlord  
  42  4:24  Zergling x2  
  42  4:25  Overlord  
  42  4:26  Overlord x2  
  41  4:39  Zergling x2  
  41  4:40  Zergling x6  
  41  4:41  Zergling x2  
  44  4:55  Zergling x8  
  44  4:56  Zergling x8  
  46  5:19  Zergling x4  
  48  5:23  Zergling x4  
  48  5:25  Lair  
  48  5:26  Zergling x8  
  48  5:27  Zergling x4  
  55  5:38  Zergling x4  
  57  5:49  Zergling x2  
  58  5:50  Zergling x2  
  49  6:13  Zergling x6  
  49  6:14  Zergling x6  
  53  6:25  Zergling x2  
  50  6:26  Drone x3  
  50  6:30  Queen  
  50  6:31  Drone x3  
  58  6:38  Spore Crawler  
  58  6:39  Hydralisk Den  
  55  6:40  Spore Crawler  
  47  7:04  Overlord x2  
  47  7:05  Zergling x6, Overlord  
  43  7:21  Drone  
  43  7:22  Drone x4  
  47  7:23  Drone x5  
  47  7:24  Lurker Den  
  47  7:27  Extractor  
  50  7:30  Spore Crawler  
  50  7:34  Drone  
  50  7:38  Hydralisk  
  52  7:44  Spine Crawler  
  52  7:49  Hydralisk x2  
  55  7:54  Zergling x4  
  55  7:55  Zergling x2  
  55  7:56  Zergling x4  
  58  8:24  Lurker x3  
  61  8:28  Hydralisk x2, Zergling x6  
  61  8:31  Overlord x3  
  68  8:38  Spore Crawler  
  67  8:42  Overlord x2  
  62  9:14  Hydralisk x2, Baneling Nest  
  64  9:34  Hydralisk  
  61  9:47  Hydralisk  
  62  9:54  Drone x3  
  62  9:57  Extractor x2  
  63  10:04  Hydralisk  
  63  10:15  Hatchery  
  62  10:22  Lurker  
  62  10:25  Hatchery  
  58  10:31  Lurker  
  58  10:33  Hatchery, Zergling x12  
  58  10:34  Drone x3  
  65  10:55  Drone  
  66  10:58  Lurker x3  
  66  11:01  Hydralisk  
  66  11:03  Hatchery  
  70  11:21  Hydralisk x2, Infestation Pit  
  70  11:25  Drone x5  
  78  11:31  Evolution Chamber  
  77  11:33  Evolution Chamber  
  77  11:37  Centrifical Hooks  
  76  11:55  Queen  
  76  11:56  Drone x3  
  76  11:57  Drone  
  82  12:10  Baneling x9  
  82  12:11  Baneling x3  
  82  12:22  Hydralisk  
  82  12:23  Hydralisk  
  82  12:25  Drone x2  
  82  12:29  Baneling x5  
  82  13:08  Drone x8, Hydralisk x3  
  82  13:12  Zerg Missile Weapons Level 1  
  96  13:15  Muscular Augments  
  96  13:17  Hive  
  93  13:21  Hydralisk  
  93  13:22  Hydralisk  
  92  14:01  Drone x3  
  92  14:02  Hydralisk x3  
  94  14:03  Hydralisk  
  100  14:12  Zerg Ground Armor Level 1  
  97  14:19  Spine Crawler  
  97  14:22  Drone  
  97  14:23  Drone x6  
  97  14:24  Spine Crawler x2  
  101  14:27  Lurker x2  
  101  14:28  Lurker x2  
  101  14:30  Zergling x2  
  105  14:37  Extractor  
  104  14:39  Spine Crawler  
  104  14:40  Extractor  
  102  14:52  Spine Crawler  
  101  14:54  Spine Crawler  
  101  14:57  Spine Crawler  
  101  14:59  Lurker x3  
  90  15:30  Hydralisk x2  
  90  15:31  Hydralisk x6  
  90  15:33  Zergling x8  
  90  15:34  Drone, Zergling x4  
  87  15:46  Drone x7  
  94  15:51  Seismic Spines  
  94  15:54  Hydralisk  
  94  15:56  Hydralisk  
  98  16:11  Queen  
  100  16:14  Drone x7  
  100  16:15  Drone  
  100  16:18  Hydralisk  
  108  16:22  Extractor  
  108  16:23  Extractor  
  108  16:24  Extractor  
  108  16:25  Extractor  
  106  16:27  Spine Crawler  
  106  16:28  Lurker x2  
  107  16:36  Lurker x2  
  109  16:50  Baneling x4  
  109  16:51  Baneling x5  
  109  16:57  Drone, Overlord x4  
  109  16:58  Overlord  
Show
View Real Time Build Order
Export as new Build Order

Истеричка Protoss 

Build Orders:  

Get SALT Encoding   

  12  0:04  Probe  
  13  0:19  Probe  
  13  0:20  Pylon  
  14  0:34  Probe (Chrono Boost)  
  15  0:41  Gateway  
  15  0:44  Probe (Chrono Boost)  
  15  0:49  Probe (Chrono Boost)  
  16  0:53  Assimilator  
  17  1:01  Probe  
  18  1:13  Probe  
  18  1:17  Gateway  
  19  1:27  Probe (Chrono Boost)  
  19  1:30  Cybernetics Core  
  20  1:33  Assimilator  
  20  1:39  Probe (Chrono Boost)  
  21  1:42  Pylon  
  21  1:47  Probe (Chrono Boost)  
  22  1:56  Gateway  
  22  2:08  Warp Gate (Chrono Boost)  
  22  2:12  Gateway  
  22  2:22  Gateway  
  22  2:23  Stalker  
  22  2:26  Stalker  
  26  2:42  Stalker  
  28  3:03  Stalker  
  30  3:08  Pylon  
  30  3:45  Pylon  
  30  3:46  Pylon  
  30  3:48  Pylon  
  30  3:49  Stalker x2  
  30  3:50  Stalker x2  
  38  4:09  Gateway  
  38  4:28  Shield Battery x3  
  38  4:29  Shield Battery  
  38  4:44  Stalker x2  
  42  4:56  Stalker  
  44  5:16  Stalker  
  46  5:44  Stalker  
  46  5:45  Stalker x3  
  46  5:46  Stalker  
  47  6:21  Zealot x2  
  51  6:33  Cybernetics Core  
  51  6:34  Pylon  
  51  6:43  Pylon  
  51  7:13  Stalker  
  51  7:14  Stalker x4  
  61  7:36  Pylon  
  61  7:38  Pylon  
  61  7:54  Stalker x4  
  61  7:55  Stalker  
  69  8:28  Stalker x3  
  69  8:29  Stalker x2  
  77  9:22  Robotics Facility  
  77  9:24  Robotics Facility  
  77  9:38  Stalker  
  79  9:49  Nexus  
  79  10:01  Pylon  
  79  10:05  Stalker x2  
  83  10:09  Observer (Chrono Boost)  
  84  10:42  Twilight Council  
  84  10:49  Stalker  
  86  10:50  Stalker  
  88  11:10  Blink (Chrono Boost)  
  86  11:25  Stalker  
  86  11:27  Probe x2  
  90  11:42  Probe x2  
  92  12:08  Stalker  
  92  12:09  Stalker  
  96  12:28  Observer (Chrono Boost)  
  98  12:36  Observer (Chrono Boost)  
  98  12:41  Zealot  
  100  13:07  Probe  
  100  13:08  Probe  
  96  13:55  Probe x2  
  92  14:06  Probe  
  92  14:07  Probe  
  93  14:14  Probe  
  91  14:19  Probe  
  91  14:22  Probe  
  94  14:31  Probe  
  94  14:34  Probe  
  96  14:44  Probe  
  97  14:46  Probe  
  98  14:56  Probe  
  57  15:48  Stalker x3  
  57  15:49  Stalker x2  
  55  15:56  Observer  
  49  16:01  Gateway  
  49  16:03  Gateway  
  41  16:04  Probe  
  41  16:05  Probe, Gateway  
  41  16:06  Gateway  
  43  16:17  Templar Archives  
  43  16:28  Stalker x2  
  43  16:29  Stalker x3  
  26  17:02  High Templar x2  
  26  17:03  High Templar x3  
  26  17:04  High Templar  
  26  17:05  High Templar x2  
  39  17:10  Archon  
  39  17:11  Archon x3  
Show
View Real Time Build Order
Export as new Build Order

SlavaZA Protoss 

Build Orders: 1 Gate Expand 

Get SALT Encoding   

  12  0:01  Probe  
  13  0:13  Probe  
  14  0:18  Pylon  
  14  0:25  Probe  
  15  0:37  Gateway  
  15  0:39  Probe (Chrono Boost)  
  16  0:52  Probe (Chrono Boost)  
  17  0:57  Probe (Chrono Boost)  
  18  1:06  Probe  
  19  1:18  Nexus  
  19  1:26  Probe  
  19  1:30  Assimilator  
  20  1:35  Assimilator  
  20  1:39  Probe (Chrono Boost)  
  20  1:44  Cybernetics Core  
  20  1:56  Probe (Chrono Boost)  
  20  1:57  Pylon  
  21  2:03  Probe  
  22  2:15  Probe  
  23  2:25  Stargate  
  23  2:27  Probe  
  24  2:30  Probe  
  25  2:37  Assimilator  
  25  2:39  Probe  
  25  2:41  Adept (Chrono Boost)  
  25  2:42  Assimilator  
  25  2:43  Probe  
  29  2:52  Probe (Chrono Boost)  
  31  3:00  Probe (Chrono Boost)  
  31  3:03  Probe (Chrono Boost), Stargate  
  32  3:09  Probe (Chrono Boost)  
  32  3:10  Probe (Chrono Boost)  
  34  3:19  Probe  
  35  3:22  Probe  
  36  3:31  Probe  
  37  3:35  Probe  
  37  3:39  Void Ray x2 (Chrono Boost)  
  46  4:07  Pylon  
  46  4:09  Pylon  
  46  4:23  Probe  
  46  4:24  Probe  
  50  4:36  Probe x2  
  50  4:37  Pylon  
  30  4:48  Probe  
  12  5:23  Probe (Chrono Boost)  
Tags
 
Add a new tag
Caveats
  • Supply blocks, unpowered buildings, or Contaminate may cause inaccurate times.
  • Supply counts are checked every 10 seconds.